[ AOE2 MATCH · #473233543 ]
UnrankedEthiopians vs Franks
Player's team · LOSS
[ REPLAY ANALYSIS · EXTRACTED FROM THE RECORDED GAME ]
Feudal
11:52
Castle
—
Imperial
—
| APM avg | 61.5 |
| APM peak | 109 |
| eAPM avg | 28.3 |
| Villagers / military | 55 / 34 |
Focus
⚔️ 21.6% · 🌾 78.4%
Archer ×32 · Spearman ×2
Feudal
9:41
Castle
—
Imperial
—
| APM avg | 46.5 |
| APM peak | 70 |
| eAPM avg | 19.0 |
| Villagers / military | 47 / 21 |
Focus
⚔️ 27.4% · 🌾 72.6%
Scout Cavalry ×21
Feudal
9:06
Castle
22:19
Imperial
—
| APM avg | 47.1 |
| APM peak | 88 |
| eAPM avg | 24.0 |
| Villagers / military | 46 / 47 |
Focus
⚔️ 44.1% · 🌾 55.9%
Archer ×47
Feudal
9:21
Castle
—
Imperial
—
| APM avg | 44.7 |
| APM peak | 76 |
| eAPM avg | 20.1 |
| Villagers / military | 54 / 22 |
Focus
⚔️ 28.9% · 🌾 71.1%
Scout Cavalry ×22
Match map
Initial resources + every placement click. Lines = walls · curves = elevation contours. ◆ gold · ⬟ stone · ● berries · ✦ relic · ◌ wall gap
Inputs per minute
— handzy - - Alëksandr
Build order — handzy
147 actions detected in the replay
| 0:01 | Create | Villager (Male) |
| 0:01 | Create | Villager (Male) |
| 0:02 | Build | House |
| 0:03 | Build | House |
| 0:08 | Create | Villager (Male) |
| 0:11 | Create | Villager (Male) |
| 0:12 | Create | Villager (Male) |
| 1:33 | Create | Villager (Male) |
| 1:47 | Build | Lumber Camp |
| 1:55 | Create | Villager (Male) |
| 1:55 | Create | Villager (Male) |
| 2:25 | Create | Villager (Male) |
| 2:25 | Create | Villager (Male) |
| 2:53 | Create | Villager (Male) |
| 2:53 | Create | Villager (Male) |
| 2:53 | Create | Villager (Male) |
| 3:09 | Create | Villager (Male) |
| 3:09 | Create | Villager (Male) |
| 3:41 | Create | Villager (Male) |
| 3:41 | Create | Villager (Male) |
| 4:08 | Create | Villager (Male) |
| 4:08 | Create | Villager (Male) |
| 4:08 | Create | Villager (Male) |
| 4:18 | Build | House |
| 4:19 | Research | Loom |
| 4:40 | Build | Mill |
| 5:17 | Create | Villager (Male) |
| 5:17 | Create | Villager (Male) |
| 5:17 | Create | Villager (Male) |
| 5:18 | Create | Villager (Male) |
| 5:49 | Create | Villager (Male) |
| 5:49 | Create | Villager (Male) |
| 5:50 | Create | Villager (Male) |
| 6:20 | Create | Villager (Male) |
| 6:20 | Create | Villager (Male) |
| 6:38 | Build | House |
| 6:48 | Build | Palisade Wall |
| 6:58 | Create | Villager (Male) |
| 6:58 | Create | Villager (Male) |
| 7:09 | Build | Palisade Wall |
| 7:11 | Build | Palisade Wall |
| 7:19 | Create | Villager (Male) |
| 7:39 | Build | Palisade Wall |
| 7:46 | Create | Villager (Male) |
| 7:53 | Create | Villager (Male) |
| 8:28 | Build | Palisade Wall |
| 8:35 | Build | Palisade Wall |
| 9:06 | Create | Villager (Male) |
| 9:42 | Research | Feudal Age |
| 9:53 | Build | Building 796 |
| 9:55 | Build | House |
| 10:17 | Build | Barracks |
| 10:20 | Create | Villager (Male) |
| 10:26 | Build | Mining Camp |
| 10:53 | Build | Mill |
| 11:19 | Create | Villager (Male) |
| 11:49 | Create | Villager (Male) |
| 11:52 | Age | Feudal Age |
| 11:54 | Build | Archery Range |
| 12:02 | Research | Double-Bit Axe |
| 12:23 | Create | Villager (Male) |
| 12:25 | Build | House |
| 12:31 | Build | Archery Range |
| 12:38 | Create | Villager (Male) |
| 12:52 | Create | Archer |
| 12:52 | Create | Archer |
| 13:04 | Create | Spearman |
| 13:05 | Create | Villager (Male) |
| 13:07 | Create | Archer |
| 13:31 | Build | Blacksmith |
| 13:34 | Create | Archer |
| 13:34 | Create | Archer |
| 13:52 | Create | Archer |
| 13:56 | Create | Spearman |
| 14:00 | Build | House |
| 14:01 | Build | House |
| 14:06 | Create | Archer |
| 14:16 | Research | Fletching |
| 14:18 | Create | Archer |
| 14:36 | Build | Lumber Camp |
| 14:39 | Create | Archer |
| 14:39 | Create | Archer |
| 14:49 | Create | Archer |
| 14:50 | Create | Villager (Male) |
| 14:50 | Create | Villager (Male) |
| 15:13 | Build | Farm |
| 15:25 | Build | Farm |
| 15:25 | Create | Villager (Male) |
| 15:26 | Create | Villager (Male) |
| 15:40 | Create | Archer |
| 15:45 | Research | Padded Archer Armor |
| 15:49 | Build | Farm |
| 16:24 | Create | Archer |
| 16:24 | Create | Archer |
| 16:37 | Create | Archer |
| 16:38 | Create | Villager (Male) |
| 16:40 | Build | House |
| 16:42 | Build | House |
| 16:55 | Build | Lumber Camp |
| 17:00 | Build | Watch Tower |
| 17:21 | Build | House |
| 17:29 | Build | House |
| 17:35 | Build | Palisade Wall |
| 17:37 | Build | Palisade Wall |
| 17:50 | Create | Archer |
| 17:50 | Create | Archer |
| 18:32 | Create | Archer |
| 18:32 | Create | Archer |
| 18:45 | Create | Villager (Male) |
| 18:46 | Create | Villager (Male) |
| 18:51 | Build | Farm |
| 18:51 | Build | Farm |
| 18:51 | Build | Farm |
| 18:52 | Build | Farm |
| 18:52 | Build | Farm |
| 18:52 | Build | Farm |
| 18:53 | Build | Farm |
| 18:53 | Build | Farm |
| 18:53 | Build | Farm |
| 18:56 | Create | Villager (Male) |
| 18:57 | Create | Villager (Male) |
| 19:07 | Create | Archer |
| 19:07 | Create | Archer |
| 19:20 | Create | Archer |
| 19:20 | Create | Archer |
| 19:29 | Create | Villager (Male) |
| 19:29 | Create | Villager (Male) |
| 19:31 | Build | Farm |
| 19:40 | Create | Villager (Male) |
| 19:48 | Create | Archer |
| 19:48 | Create | Archer |
| 20:06 | Build | Farm |
| 20:07 | Build | Farm |
| 20:08 | Create | Villager (Male) |
| 20:12 | Build | Building 804 |
| 20:14 | Create | Archer |
| 20:14 | Create | Archer |
| 20:23 | Create | Villager (Male) |
| 20:39 | Build | Farm |
| 20:57 | Build | Farm |
| 20:58 | Build | Farm |
| 21:04 | Create | Archer |
| 21:09 | Create | Archer |
| 21:09 | Create | Archer |
| 21:49 | Create | Archer |
| 21:56 | Create | Archer |
| 22:03 | Build | Market |
Build order — Alëksandr
139 actions detected in the replay
| 0:00 | Create | Villager (Male) |
| 0:00 | Create | Villager (Male) |
| 0:01 | Create | Villager (Male) |
| 0:02 | Build | House |
| 0:03 | Build | House |
| 0:31 | Create | Villager (Male) |
| 0:31 | Create | Villager (Male) |
| 1:22 | Create | Villager (Male) |
| 1:22 | Create | Villager (Male) |
| 1:49 | Create | Villager (Male) |
| 1:49 | Create | Villager (Male) |
| 1:56 | Build | Lumber Camp |
| 2:29 | Research | Loom |
| 2:48 | Create | Villager (Male) |
| 2:49 | Create | Villager (Male) |
| 3:11 | Create | Villager (Male) |
| 3:11 | Create | Villager (Male) |
| 3:40 | Create | Villager (Male) |
| 3:40 | Create | Villager (Male) |
| 4:02 | Build | Mill |
| 4:09 | Create | Villager (Male) |
| 4:09 | Create | Villager (Male) |
| 4:25 | Build | House |
| 4:30 | Create | Villager (Male) |
| 4:54 | Create | Villager (Male) |
| 4:55 | Create | Villager (Male) |
| 5:25 | Create | Villager (Male) |
| 5:57 | Create | Villager (Male) |
| 5:58 | Create | Villager (Male) |
| 6:33 | Build | Mill |
| 6:45 | Create | Villager (Male) |
| 7:31 | Research | Feudal Age |
| 7:32 | Research | Feudal Age |
| 7:38 | Build | House |
| 7:46 | Build | Palisade Wall |
| 9:02 | Build | Barracks |
| 9:05 | Build | House |
| 9:12 | Create | Villager (Male) |
| 9:41 | Age | Feudal Age |
| 9:51 | Build | Stable |
| 10:00 | Create | Villager (Male) |
| 10:07 | Research | Double-Bit Axe |
| 10:07 | Research | Double-Bit Axe |
| 10:18 | Build | House |
| 10:24 | Create | Villager (Male) |
| 10:33 | Build | Farm |
| 10:39 | Create | Scout Cavalry |
| 10:43 | Build | House |
| 10:45 | Build | Palisade Wall |
| 10:46 | Build | Palisade Wall |
| 10:51 | Create | Villager (Male) |
| 10:53 | Create | Scout Cavalry |
| 10:58 | Create | Scout Cavalry |
| 11:06 | Build | Farm |
| 11:10 | Create | Scout Cavalry |
| 11:23 | Create | Villager (Male) |
| 11:26 | Build | Farm |
| 11:28 | Build | Farm |
| 11:40 | Create | Villager (Male) |
| 11:48 | Create | Villager (Male) |
| 11:50 | Build | Farm |
| 12:08 | Build | Lumber Camp |
| 12:39 | Create | Scout Cavalry |
| 12:43 | Build | Lumber Camp |
| 12:44 | Create | Villager (Male) |
| 12:57 | Create | Villager (Male) |
| 13:00 | Build | Farm |
| 13:03 | Build | Farm |
| 13:04 | Build | Farm |
| 13:08 | Create | Villager (Male) |
| 13:12 | Create | Villager (Male) |
| 13:17 | Build | Palisade Wall |
| 13:30 | Build | Farm |
| 13:34 | Create | Villager (Male) |
| 13:49 | Create | Scout Cavalry |
| 14:01 | Build | Blacksmith |
| 14:06 | Create | Villager (Male) |
| 14:26 | Create | Scout Cavalry |
| 14:39 | Research | Scale Barding Armor |
| 14:41 | Create | Scout Cavalry |
| 14:50 | Build | Mining Camp |
| 14:53 | Create | Scout Cavalry |
| 15:04 | Build | House |
| 15:25 | Build | Building 796 |
| 15:28 | Create | Scout Cavalry |
| 15:41 | Build | Lumber Camp |
| 15:50 | Create | Villager (Male) |
| 16:05 | Create | Villager (Male) |
| 16:25 | Build | Farm |
| 16:30 | Build | Farm |
| 16:43 | Create | Villager (Male) |
| 16:54 | Build | House |
| 16:58 | Build | Palisade Wall |
| 17:00 | Create | Villager (Male) |
| 17:26 | Create | Scout Cavalry |
| 17:26 | Create | Scout Cavalry |
| 17:27 | Create | Scout Cavalry |
| 17:39 | Build | Market |
| 17:46 | Build | Farm |
| 17:56 | Build | Farm |
| 17:57 | Build | Farm |
| 18:01 | Create | Scout Cavalry |
| 18:25 | Create | Villager (Male) |
| 18:30 | Build | House |
| 18:31 | Build | House |
| 18:36 | Create | Villager (Male) |
| 18:41 | Build | Stable |
| 18:57 | Build | Mill |
| 18:58 | Build | Farm |
| 18:58 | Build | Farm |
| 18:59 | Build | Farm |
| 19:10 | Create | Scout Cavalry |
| 19:15 | Build | Palisade Wall |
| 19:17 | Build | Farm |
| 19:20 | Build | Farm |
| 19:23 | Build | Farm |
| 19:24 | Build | Farm |
| 19:29 | Create | Villager (Male) |
| 19:30 | Create | Scout Cavalry |
| 19:36 | Build | Farm |
| 19:41 | Build | House |
| 19:43 | Build | House |
| 19:46 | Build | Palisade Wall |
| 19:50 | Build | Farm |
| 19:51 | Build | Mill |
| 20:02 | Create | Villager (Male) |
| 20:03 | Create | Scout Cavalry |
| 20:08 | Build | Farm |
| 20:11 | Build | Farm |
| 20:13 | Build | Farm |
| 20:14 | Create | Villager (Male) |
| 20:16 | Build | House |
| 20:33 | Research | Forging |
| 20:40 | Build | House |
| 20:46 | Create | Scout Cavalry |
| 20:46 | Create | Scout Cavalry |
| 20:59 | Create | Villager (Male) |
| 21:27 | Create | Scout Cavalry |
| 21:27 | Create | Scout Cavalry |
Build order — GB | Renzo
First 150 of 159 actions detected
| 0:01 | Create | Villager (Male) |
| 0:01 | Create | Villager (Male) |
| 0:02 | Build | House |
| 0:03 | Build | House |
| 0:23 | Create | Villager (Male) |
| 0:47 | Create | Villager (Male) |
| 0:47 | Create | Villager (Male) |
| 1:27 | Create | Villager (Male) |
| 1:59 | Create | Villager (Male) |
| 2:23 | Build | Lumber Camp |
| 2:26 | Create | Villager (Male) |
| 2:53 | Create | Villager (Male) |
| 2:53 | Create | Villager (Male) |
| 3:07 | Create | Villager (Male) |
| 3:44 | Create | Villager (Male) |
| 3:45 | Create | Villager (Male) |
| 3:49 | Build | House |
| 4:09 | Create | Villager (Male) |
| 4:09 | Create | Villager (Male) |
| 4:43 | Build | Mining Camp |
| 4:57 | Create | Villager (Male) |
| 5:15 | Create | Villager (Male) |
| 5:16 | Create | Villager (Male) |
| 5:16 | Research | Loom |
| 6:56 | Research | Feudal Age |
| 6:57 | Research | Feudal Age |
| 6:57 | Research | Feudal Age |
| 8:02 | Build | Barracks |
| 8:30 | Build | House |
| 8:33 | Create | Villager (Male) |
| 9:06 | Age | Feudal Age |
| 9:09 | Build | Archery Range |
| 9:11 | Build | Archery Range |
| 9:20 | Build | Blacksmith |
| 9:22 | Create | Villager (Male) |
| 9:45 | Build | Building 796 |
| 9:50 | Build | House |
| 9:54 | Create | Villager (Male) |
| 10:04 | Create | Archer |
| 10:04 | Create | Archer |
| 10:08 | Research | Fletching |
| 10:11 | Create | Villager (Male) |
| 10:20 | Create | Archer |
| 10:20 | Create | Archer |
| 10:31 | Create | Villager (Male) |
| 10:46 | Create | Archer |
| 10:46 | Create | Archer |
| 10:53 | Build | Mill |
| 10:53 | Create | Villager (Male) |
| 11:10 | Build | House |
| 11:12 | Build | Palisade Wall |
| 11:13 | Build | Palisade Wall |
| 11:15 | Create | Villager (Male) |
| 11:16 | Create | Archer |
| 11:16 | Create | Archer |
| 11:34 | Create | Archer |
| 11:34 | Create | Archer |
| 11:40 | Build | Palisade Wall |
| 11:45 | Build | House |
| 11:46 | Build | Palisade Wall |
| 12:00 | Create | Villager (Male) |
| 12:00 | Create | Villager (Male) |
| 12:01 | Create | Archer |
| 12:01 | Create | Archer |
| 12:08 | Create | Archer |
| 12:08 | Create | Archer |
| 12:19 | Create | Villager (Male) |
| 12:27 | Build | House |
| 12:49 | Create | Archer |
| 12:50 | Create | Villager (Male) |
| 12:52 | Build | Farm |
| 12:53 | Build | Farm |
| 12:54 | Build | Farm |
| 13:02 | Create | Archer |
| 13:03 | Create | Villager (Male) |
| 13:08 | Build | House |
| 13:22 | Build | House |
| 13:25 | Create | Archer |
| 13:26 | Create | Archer |
| 13:26 | Create | Archer |
| 13:27 | Create | Villager (Male) |
| 13:28 | Create | Villager (Male) |
| 13:45 | Create | Archer |
| 14:00 | Build | Building 796 |
| 14:01 | Build | House |
| 14:06 | Create | Villager (Male) |
| 14:06 | Create | Archer |
| 14:06 | Create | Archer |
| 14:13 | Create | Villager (Male) |
| 14:14 | Create | Archer |
| 14:14 | Create | Archer |
| 14:26 | Build | Farm |
| 14:28 | Build | Farm |
| 14:33 | Create | Archer |
| 14:33 | Create | Archer |
| 14:34 | Create | Villager (Male) |
| 14:40 | Build | Palisade Wall |
| 14:41 | Build | Palisade Wall |
| 14:55 | Build | Farm |
| 14:58 | Create | Villager (Male) |
| 15:04 | Create | Archer |
| 15:04 | Create | Archer |
| 15:16 | Research | Double-Bit Axe |
| 15:16 | Research | Double-Bit Axe |
| 15:21 | Build | Farm |
| 15:34 | Create | Archer |
| 15:34 | Create | Archer |
| 15:34 | Create | Archer |
| 16:00 | Create | Villager (Male) |
| 16:01 | Create | Villager (Male) |
| 16:19 | Create | Archer |
| 16:23 | Create | Archer |
| 16:24 | Create | Villager (Male) |
| 16:26 | Build | Farm |
| 16:28 | Build | Farm |
| 16:28 | Build | Farm |
| 16:31 | Create | Villager (Male) |
| 16:35 | Create | Archer |
| 16:35 | Create | Archer |
| 16:40 | Research | Padded Archer Armor |
| 16:41 | Research | Padded Archer Armor |
| 16:52 | Create | Villager (Male) |
| 17:09 | Create | Archer |
| 17:25 | Build | Mill |
| 17:32 | Build | Farm |
| 17:34 | Build | Farm |
| 17:36 | Create | Archer |
| 17:37 | Create | Archer |
| 18:14 | Create | Villager (Male) |
| 18:14 | Create | Archer |
| 18:31 | Create | Villager (Male) |
| 18:37 | Build | House |
| 18:38 | Build | House |
| 18:39 | Build | House |
| 18:45 | Create | Archer |
| 18:45 | Create | Archer |
| 19:07 | Create | Villager (Male) |
| 19:07 | Create | Villager (Male) |
| 19:21 | Build | Lumber Camp |
| 19:39 | Research | Castle Age |
| 19:39 | Research | Castle Age |
| 19:39 | Research | Castle Age |
| 19:46 | Build | Lumber Camp |
| 19:57 | Create | Archer |
| 20:17 | Research | Gold Mining |
| 20:17 | Research | Horse Collar |
| 20:18 | Research | Horse Collar |
| 20:24 | Build | Palisade Wall |
| 20:43 | Build | House |
| 20:45 | Build | House |
Build order — TQLeo
First 150 of 155 actions detected
| 0:01 | Create | Villager (Male) |
| 0:01 | Create | Villager (Male) |
| 0:02 | Create | Villager (Male) |
| 0:02 | Create | Villager (Male) |
| 0:02 | Create | Villager (Male) |
| 0:04 | Build | House |
| 0:08 | Build | House |
| 1:29 | Create | Villager (Male) |
| 1:30 | Create | Villager (Male) |
| 2:07 | Create | Villager (Male) |
| 2:07 | Create | Villager (Male) |
| 2:15 | Build | Lumber Camp |
| 2:32 | Create | Villager (Male) |
| 2:32 | Create | Villager (Male) |
| 2:38 | Create | Villager (Male) |
| 2:38 | Create | Villager (Male) |
| 2:38 | Create | Villager (Male) |
| 3:06 | Create | Villager (Male) |
| 3:06 | Create | Villager (Male) |
| 3:27 | Build | House |
| 3:28 | Build | House |
| 3:36 | Create | Villager (Male) |
| 3:36 | Create | Villager (Male) |
| 3:36 | Create | Villager (Male) |
| 3:36 | Create | Villager (Male) |
| 4:08 | Create | Villager (Male) |
| 4:08 | Create | Villager (Male) |
| 4:25 | Build | Palisade Wall |
| 4:31 | Build | Palisade Wall |
| 4:41 | Create | Villager (Male) |
| 4:42 | Create | Villager (Male) |
| 4:42 | Create | Villager (Male) |
| 4:42 | Create | Villager (Male) |
| 5:26 | Research | Loom |
| 5:26 | Research | Loom |
| 6:07 | Build | Mill |
| 6:43 | Create | Villager (Male) |
| 7:11 | Research | Feudal Age |
| 7:11 | Research | Feudal Age |
| 8:25 | Build | Barracks |
| 8:30 | Build | Palisade Wall |
| 8:32 | Build | Palisade Wall |
| 9:21 | Age | Feudal Age |
| 9:27 | Create | Villager (Male) |
| 9:27 | Create | Villager (Male) |
| 9:30 | Research | Double-Bit Axe |
| 9:30 | Research | Double-Bit Axe |
| 9:50 | Create | Villager (Male) |
| 9:56 | Build | Stable |
| 10:03 | Research | Horse Collar |
| 10:04 | Research | Horse Collar |
| 10:04 | Research | Horse Collar |
| 10:13 | Build | Farm |
| 10:21 | Create | Villager (Male) |
| 10:34 | Build | Palisade Wall |
| 10:36 | Build | Palisade Wall |
| 10:44 | Create | Scout Cavalry |
| 10:44 | Create | Scout Cavalry |
| 10:48 | Create | Villager (Male) |
| 10:50 | Create | Scout Cavalry |
| 11:07 | Build | Farm |
| 11:13 | Build | Farm |
| 11:27 | Build | Farm |
| 11:37 | Build | Farm |
| 11:47 | Create | Scout Cavalry |
| 11:49 | Create | Villager (Male) |
| 11:49 | Create | Villager (Male) |
| 12:07 | Build | Mill |
| 12:19 | Build | House |
| 12:21 | Build | House |
| 12:27 | Research | Town Watch |
| 12:35 | Create | Villager (Male) |
| 12:40 | Build | Mining Camp |
| 12:55 | Build | Farm |
| 13:11 | Create | Scout Cavalry |
| 13:12 | Create | Scout Cavalry |
| 13:14 | Create | Villager (Male) |
| 13:25 | Create | Villager (Male) |
| 13:31 | Build | Farm |
| 13:34 | Build | Farm |
| 13:46 | Build | House |
| 13:48 | Build | House |
| 13:49 | Build | House |
| 13:52 | Build | House |
| 13:55 | Create | Scout Cavalry |
| 13:56 | Create | Villager (Male) |
| 14:18 | Build | Palisade Wall |
| 14:37 | Research | Gold Mining |
| 14:37 | Research | Gold Mining |
| 14:47 | Research | Bloodlines |
| 14:47 | Research | Bloodlines |
| 14:58 | Create | Villager (Male) |
| 14:58 | Create | Villager (Male) |
| 15:03 | Build | Farm |
| 15:05 | Build | Farm |
| 15:33 | Create | Scout Cavalry |
| 15:34 | Create | Villager (Male) |
| 15:36 | Create | Villager (Male) |
| 15:42 | Build | House |
| 16:07 | Create | Villager (Male) |
| 16:07 | Create | Villager (Male) |
| 16:10 | Create | Villager (Male) |
| 16:14 | Build | Blacksmith |
| 16:18 | Build | Palisade Wall |
| 16:45 | Create | Scout Cavalry |
| 16:45 | Create | Scout Cavalry |
| 16:45 | Create | Scout Cavalry |
| 16:52 | Build | Farm |
| 16:53 | Build | Farm |
| 16:54 | Build | Farm |
| 17:00 | Build | Farm |
| 17:28 | Research | Forging |
| 17:28 | Research | Forging |
| 17:30 | Create | Villager (Male) |
| 17:30 | Create | Villager (Male) |
| 17:38 | Build | Mill |
| 17:46 | Create | Villager (Male) |
| 17:46 | Create | Villager (Male) |
| 17:50 | Build | Farm |
| 17:52 | Build | Farm |
| 17:54 | Build | Farm |
| 18:17 | Research | Scale Barding Armor |
| 18:18 | Research | Scale Barding Armor |
| 18:33 | Create | Scout Cavalry |
| 18:35 | Create | Villager (Male) |
| 18:38 | Build | Farm |
| 19:11 | Create | Scout Cavalry |
| 19:11 | Create | Scout Cavalry |
| 19:13 | Create | Villager (Male) |
| 19:13 | Create | Villager (Male) |
| 19:18 | Build | Stable |
| 19:26 | Create | Scout Cavalry |
| 19:26 | Create | Scout Cavalry |
| 19:36 | Research | Wheelbarrow |
| 19:36 | Research | Wheelbarrow |
| 20:10 | Create | Scout Cavalry |
| 20:10 | Create | Scout Cavalry |
| 20:15 | Build | Farm |
| 20:15 | Build | Farm |
| 20:16 | Build | Farm |
| 20:16 | Build | Farm |
| 20:16 | Build | Farm |
| 20:16 | Build | Farm |
| 20:17 | Build | Farm |
| 20:42 | Create | Scout Cavalry |
| 20:42 | Create | Scout Cavalry |
| 20:42 | Create | Scout Cavalry |
| 20:42 | Create | Scout Cavalry |
| 20:48 | Create | Villager (Male) |
| 20:48 | Create | Villager (Male) |
Match timeline
| 4:25 | TQLeo · wall_segment Palisade Wall x3 |
| 4:31 | TQLeo · wall_segment Palisade Wall x8 |
| 6:48 | handzy · wall_segment Palisade Wall x7 |
| 7:09 | handzy · wall_segment Palisade Wall x8 |
| 7:11 | handzy · wall_segment Palisade Wall x1 |
| 7:39 | handzy · wall_segment Palisade Wall x15 |
| 7:46 | Alëksandr · wall_segment Palisade Wall x6 |
| 8:02 | GB | Renzo · first_building Barracks |
| 8:25 | TQLeo · first_building Barracks |
| 8:28 | handzy · wall_segment Palisade Wall x6 |
| 8:30 | TQLeo · wall_segment Palisade Wall x6 |
| 8:32 | TQLeo · wall_segment Palisade Wall x3 |
| 8:35 | handzy · wall_segment Palisade Wall x25 |
| 9:02 | Alëksandr · first_building Barracks |
| 9:06 | GB | Renzo · age_up feudal |
| 9:09 | GB | Renzo · first_building Archery Range |
| 9:21 | TQLeo · age_up feudal |
| 9:41 | Alëksandr · age_up feudal |
| 9:51 | Alëksandr · first_building Stable |
| 9:56 | TQLeo · first_building Stable |
| 10:17 | handzy · first_building Barracks |
| 10:34 | TQLeo · wall_segment Palisade Wall x7 |
| 10:36 | TQLeo · wall_segment Palisade Wall x5 |
| 10:45 | Alëksandr · wall_segment Palisade Wall x1 |
| 10:46 | Alëksandr · wall_segment Palisade Wall x1 |
| 11:12 | GB | Renzo · wall_segment Palisade Wall x5 |
| 11:13 | GB | Renzo · wall_segment Palisade Wall x3 |
| 11:40 | GB | Renzo · wall_segment Palisade Wall x5 |
| 11:46 | GB | Renzo · wall_segment Palisade Wall x6 |
| 11:52 | handzy · age_up feudal |
| 11:54 | handzy · first_building Archery Range |
| 13:17 | Alëksandr · wall_segment Palisade Wall x1 |
| 14:18 | TQLeo · wall_segment Palisade Wall x10 |
| 14:40 | GB | Renzo · wall_segment Palisade Wall x4 |
| 14:41 | GB | Renzo · wall_segment Palisade Wall x1 |
| 16:18 | TQLeo · wall_segment Palisade Wall x10 |
| 16:58 | Alëksandr · wall_segment Palisade Wall x15 |
| 17:35 | handzy · wall_segment Palisade Wall x1 |
| 17:37 | handzy · wall_segment Palisade Wall x3 |
| 19:15 | Alëksandr · wall_segment Palisade Wall x1 |
| 19:46 | Alëksandr · wall_segment Palisade Wall x10 |
| 20:24 | GB | Renzo · wall_segment Palisade Wall x6 |
| 20:46 | GB | Renzo · wall_segment Palisade Wall x1 |
| 22:19 | GB | Renzo · age_up castle |
| 22:25 | handzy · resign |
[ AI ANALYSIS · 1 CREDIT ]
What really happened in this match?
Wolo.gg analyzes every decision: build order, eco, micro, common mistakes by bracket. Personalized analysis on WhatsApp or Discord in 30 seconds.
Civ guide
Ethiopians
Perfil
Jugador #1334478